[Event "42nd Olympiad Baku 2016 Open"]
[Site "Baku"]
[Date "2016.09.06"]
[Round "5.15"]
[White "Mwali, Chitumbo"]
[Black "Bozinovic, Bogdan"]
[Result "1/2-1/2"]
[ECO "A20"]
[WhiteElo "2335"]
[BlackElo "2219"]
[Annotator ""]
[PlyCount "74"]
[EventDate "2016.??.??"]
[EventType "team-tourn"]
[EventCountry "AZE"]
[SourceTitle "playchess.com"]
[Source "ChessBase"]
[WhiteTeam "ZAM"]
[BlackTeam "ICCD"]
[WhiteTeamCountry "ZAM"]
[BlackTeamCountry "CRO"]
[TimeControl "40/5400+30:1800+30"]

1. c4 {(00:00)} Nf6 {(00:38)} 2. g3 {(00:00)} e5 {(
01:17)} 3. Bg2 {(00:00)} c6 {(01:06)} 4. d4 {(00:22)} exd4
{(01:01)} 5. Qxd4 {(00:11)} d5 {(00:50)} 6. cxd5 {(
00:33)} cxd5 {(00:27)} 7. Nf3 {(00:07)} Nc6 {(01:07)} 8.
Qa4 {(00:13)} Bb4+ {(07:25)} 9. Bd2 {(00:42)} Bxd2+ {
(01:35)} 10. Nbxd2 {(00:04)} O-O {(00:13)} 11. O-O {
(00:18)} Be6 {(05:54)} 12. Nb3 {(04:42)} Qb6 {(05:
49)} 13. Rac1 {(09:10)} Rac8 {(03:33)} 14. Qf4 {(36:58)}
h6 {(14:03)} 15. Nc5 {(18:18)} Bg4 {(04:37)} 16. Nd3 {
(01:27)} Rfe8 {(02:31)} 17. Rfe1 {(03:54)} Bxf3 {(
06:45)} 18. Bxf3 {(00:35)} Nd4 {(00:31)} 19. e3 {(06:06)}
Nxf3+ {(01:23)} 20. Qxf3 {(00:04)} Rxc1 {(16:39)} 21. Rxc1
{(02:25)} d4 {(00:17)} 22. exd4 {(00:40)} Qxd4 {(
00:14)} 23. b3 {(01:24)} Rd8 {(01:38)} 24. Nf4 {(00:31)}
Rd7 {(03:41)} 25. Nh5 {(06:31)} Nxh5 {(04:44)} 26. Qxh5 {
(00:06)} Qd3 {(03:23)} 27. h4 {(02:40)} Kh7 {(02:
21)} 28. Qe5 {(01:08)} Qf3 {(01:38)} 29. Qc5 {(02:19)} a6
{(01:06)} 30. Qc2+ {(00:16)} f5 {(02:20)} 31. Re1 {
(00:18)} Rd4 {(01:01)} 32. Kh2 {(00:40)} Qd5 {(01:
18)} 33. Qc3 {(02:21)} Rd2 {(02:44)} 34. Kg1 {(00:03)} Rd1
{(01:13)} 35. Rxd1 {(00:30)} Qxd1+ {(00:01)} 36. Kg2 {
(00:08)} Qd5+ {(00:25)} 37. Qf3 {(01:02)} Qd7 {(00:
23)} 1/2-1/2

[Event "42nd Olympiad Baku 2016 Open"]
[Site "Baku"]
[Date "2016.09.06"]
[Round "5.10"]
[White "Myint Han"]
[Black "Dominguez, Jose Manuel"]
[Result "1-0"]
[ECO "C40"]
[WhiteElo "2289"]
[BlackElo "2273"]
[Annotator ""]
[PlyCount "125"]
[EventDate "2016.??.??"]
[EventType "team-tourn"]
[EventCountry "AZE"]
[SourceTitle "playchess.com"]
[Source "ChessBase"]
[WhiteTeam "Myanmar"]
[BlackTeam "Dominican Republic"]
[WhiteTeamCountry "MYA"]
[BlackTeamCountry "DOM"]
[TimeControl "40/5400+30:1800+30"]

1. e4 {(00:00)} e5 {(00:00)} 2. Nf3 {(00:00)} Qe7 {
(00:00)} 3. Nc3 {(00:00)} c6 {(00:00)} 4. a4 {(00:
42)} d6 {(00:38)} 5. Bc4 {(00:15)} Bg4 {(00:06)} 6. h3 {
(00:11)} Bh5 {(00:03)} 7. d3 {(00:04)} Qc7 {(11:57]
} 8. g4 {(03:05)} Bg6 {(05:32)} 9. Nh4 {(00:14)} Nd7 {
(20:58)} 10. Be3 Nc5 {(17:44)} 11. Nxg6 {(06:16)} hxg6 {
(00:04)} 12. d4 {(00:11)} exd4 {(23:56)} 13. Qxd4 {
(00:39)} Nf6 {(03:09)} 14. O-O-O {(01:39)} Be7 {(
03:32)} 15. f3 {(00:39)} a6 {(00:26)} 16. Bf4 {(02:44)}
Ncd7 {(08:43)} 17. Bxd6 {(00:56)} Bxd6 {(00:05)} 18. Qxd6
{(00:12)} Qxd6 {(00:11)} 19. Rxd6 {(00:09)} Ne5 {(
00:10)} 20. Be2 {(00:17)} g5 {(00:04)} 21. Nd1 {(03:24)}
Ke7 {(00:04)} 22. Rd2 {(00:12)} Nfd7 {(00:44)} 23. Ne3 {
(00:46)} g6 {(01:46)} 24. h4 {(00:45)} Nc5 {(00:15]
} 25. h5 {(00:34)} Nxa4 {(00:15)} 26. Nc4 {(00:47)} Nxc4 {
(00:53)} 27. Bxc4 {(00:07)} Nb6 {(00:35)} 28. Bd3 {
(00:25)} Nd7 {(00:38)} 29. Rdh2 {(00:03)} Ne5 {(00:
48)} 30. Be2 {(00:19)} Rh6 {(00:44)} 31. Kd2 {(00:32)} Kf6
{(00:44)} 32. Ke3 {(00:03)} Rah8 {(00:16)} 33. b4 {
(00:13)} Rd8 {(00:18)} 34. f4 {(00:20)} gxf4+ {(00:
18)} 35. Kxf4 {(00:03)} g5+ {(00:17)} 36. Ke3 {(00:02)}
Ke7 {(00:28)} 37. Rf2 {(00:13)} f6 {(00:50)} 38. Ra1 {
(00:15)} Rd6 {(00:39)} 39. Rf5 {(00:08)} Rh8 {(00:
12)} 40. Ra5 {(00:00)} Re6 {(00:00)} 41. c4 {(00:30)} Nf7
{(01:42)} 42. Rf1 {(00:40)} Rd8 {(06:58)} 43. c5 {(
01:31)} Ne5 {(08:53)} 44. Raa1 {(03:03)} Kf7 {(02:30)} 45.
Rad1 {(00:55)} Ree8 {(00:58)} 46. Ra1 {(01:41)} Re7 {
(00:48)} 47. Rf5 {(00:07)} Kg7 {(00:20)} 48. Raf1 {
(00:07)} Rf7 {(01:29)} 49. Rh1 {(03:04)} Rfd7 {(01:
02)} 50. Rhf1 {(00:18)} Rd2 {(07:05)} 51. Rxe5 {(04:01)}
fxe5 {(00:02)} 52. Rf5 {(00:07)} Rb2 {(01:03)} 53. Rxg5+ {
(00:17)} Kh7 {(01:01)} 54. Rxe5 {(00:23)} Rxb4 {(
02:58)} 55. g5 {(00:16)} a5 {(00:53)} 56. Re7+ {(00:37)}
Kh8 {(00:19)} 57. Bg4 {(00:57)} Rg8 {(01:46)} 58. g6 {
(00:41)} Rg7 {(00:13)} 59. Re6 {(00:12)} a4 {(00:
55)} 60. h6 {(00:21)} a3 {(00:28)} 61. Re8+ {(00:19)} Rg8
{(00:05)} 62. Rxg8+ {(00:17)} Kxg8 {(00:05)} 63. Be6+ {
(00:20] Kh7} 1-0

[Event "42nd Olympiad Baku 2016 Open"]
[Site "Baku"]
[Date "2016.09.06"]
[Round "5.15"]
[White "Mziyako, Sobhi"]
[Black "Abdul Rahman Ali"]
[Result "0-1"]
[ECO "D02"]
[WhiteElo "1447"]
[BlackElo "1853"]
[Annotator ""]
[PlyCount "66"]
[EventDate "2016.??.??"]
[EventType "team-tourn"]
[EventCountry "AZE"]
[SourceTitle "playchess.com"]
[Source "ChessBase"]
[WhiteTeam "SWZ"]
[BlackTeam "Maldives"]
[BlackTeamCountry "MDV"]
[TimeControl "40/5400+30:1800+30"]

1. d4 {(00:00)} d5 {(00:00)} 2. Nf3 {(00:00)} e6 {(
00:00)} 3. Bf4 {(00:06)} Bd6 {(00:06)} 4. Bxd6 {(00:30)}
Qxd6 {(00:26)} 5. e3 {(00:24)} Qb4+ {(00:20)} 6. Nbd2 {
(01:19)} Qxb2 {(00:19)} 7. Bd3 {(00:32)} Nd7 {(00:
35)} 8. O-O {(00:16)} Ngf6 {(00:46)} 9. Qe2 {(02:09)} Qa3
{(00:25)} 10. Rfb1 {(00:25)} O-O {(01:02)} 11. Rb3 {
(01:27)} Qd6 {(00:05)} 12. c4 {(00:36)} c6 {(00:16]
} 13. c5 {(00:28)} Qe7 {(00:15)} 14. a4 {(01:53)} e5 {
(00:04)} 15. Bf5 {(02:08)} exd4 {(00:38)} 16. Bxd7 {
(01:18)} Nxd7 {(00:29)} 17. Nxd4 Nxc5 18. Rb2 {(02:41)}
Re8 {(01:03)} 19. a5 {(02:58)} Qf6 {(00:25)} 20. Re1 {
(03:32)} Qg6 {(01:32)} 21. Reb1 {(02:53)} Bh3 {(01:
03)} 22. Qf1 {(00:06)} Rad8 {(03:40)} 23. Kh1 {(02:38)}
Bc8 {(00:06)} 24. Ra2 {(04:06)} a6 {(00:36)} 25. Ra3 {
(02:25)} Re5 {(01:08)} 26. Rc1 {(02:01)} Rh5 {(01:
42)} 27. h3 {(11:02)} Ne4 {(00:30)} 28. N2f3 {(02:54)} Bg4
{(01:34)} 29. Ne2 {(03:01)} Qd6 {(10:08)} 30. Rb3 {
(01:18)} Bxf3 {(00:29)} 31. gxf3 {(00:28)} Nd2 {(
00:31)} 32. Qd1 {(02:01)} Rxh3+ {(00:25)} 33. Kg2 {(00:07]
} Qh2# 0-1

[Event "42nd Olympiad Baku 2016 Open"]
[Site "Baku"]
[Date "2016.09.06"]
[Round "5.35"]
[White "Nabaty, Tamir"]
[Black "McNab, Colin A"]
[Result "1-0"]
[ECO "B06"]
[WhiteElo "2630"]
[BlackElo "2434"]
[Annotator ""]
[PlyCount "95"]
[EventDate "2016.??.??"]
[EventType "team-tourn"]
[EventCountry "AZE"]
[SourceTitle "playchess.com"]
[Source "ChessBase"]
[WhiteTeam "Israel"]
[BlackTeam "Scotland"]
[WhiteTeamCountry "ISR"]
[BlackTeamCountry "SCO"]
[TimeControl "40/5400+30:1800+30"]

1. e4 {(00:00)} g6 {(00:00)} 2. d4 {(00:00)} Bg7 {(
00:00)} 3. Nc3 {(00:00)} d6 {(00:10)} 4. Be3 {(00:24)} Nf6
{(00:36)} 5. f3 {(00:41)} c6 {(00:59)} 6. Qd2 {(00:
24)} Qa5 {(01:23)} 7. O-O-O {(00:47)} b5 {(01:49)} 8. Kb1
{(00:39)} Nbd7 {(03:25)} 9. Bh6 {(00:41)} Bxh6 {(
12:18)} 10. Qxh6 {(00:33)} Nb6 {(00:43)} 11. Nce2 {(27:28]
} Nc4 {(16:57)} 12. Nc1 {(00:38)} Qc7 {(02:17)} 13. g4 {
(04:16)} Bd7 {(04:16)} 14. Nh3 {(00:34)} O-O-O {(
02:48)} 15. Bxc4 {(06:55)} bxc4 {(01:18)} 16. Ne2 {(06:16]
} Kb7 {(07:14)} 17. Qd2 {(05:33)} c5 {(05:55)} 18. Nhf4 {
(02:42)} g5 {(12:08)} 19. Ng2 {(01:54)} h5 {(04:18]
} 20. h3 {(01:26)} hxg4 {(00:42)} 21. hxg4 {(00:03)} cxd4
{(01:53)} 22. Qxd4 {(01:38)} Qb6 {(03:53)} 23. Ne3 {
(15:01)} Qxd4 {(05:55)} 24. Nxd4 {(00:02)} Rxh1 {(
00:36)} 25. Rxh1 {(00:03)} e5 {(00:59)} 26. Ndf5 {(06:19)}
Bxf5 {(07:29)} 27. gxf5 {(00:03)} d5 {(02:29)} 28. Rh6 {
(03:08)} Rd6 {(00:27)} 29. exd5 {(00:52)} e4 {(00:
20)} 30. fxe4 {(00:33)} Nxe4 {(00:07)} 31. Rh7 {(00:36)}
Rf6 {(00:31)} 32. Rg7 {(02:38)} Kc7 {(00:48)} 33. c3 {
(01:06)} Kd6 {(00:23)} 34. Nxc4+ {(02:06)} Kxd5 {(
00:37)} 35. Ne3+ {(00:04)} Ke5 {(00:55)} 36. Kc2 {(01:48)}
Kf4 {(00:44)} 37. Nd5+ {(00:24)} Kxf5 {(00:07)} 38. Nxf6 {
(00:06)} Kxf6 {(00:08)} 39. Rg8 {(00:06)} Ke5 {(00:
15)} 40. b4 {(00:00)} f5 {(00:00)} 41. c4 {(11:16)} g4 {
(07:24)} 42. c5 {(01:38)} g3 {(04:30)} 43. Kd3 {(
10:57)} Kd5 {(05:54)} 44. Rg6 {(03:05)} f4 {(06:36)} 45.
c6 {(00:13)} f3 {(00:19)} 46. c7 {(00:05)} f2 {(00:
16)} 47. Ke2 {(00:05)} Nd2 {(00:26)} 48. Rf6 {(00:39)} 1-0

[Event "42nd Olympiad Baku 2016 Open"]
[Site "Baku"]
[Date "2016.09.06"]
[Round "5.15"]
[White "Naiditsch, Arkadij"]
[Black "Vidit, Santosh Gujrathi"]
[Result "0-1"]
[ECO "C44"]
[WhiteElo "2696"]
[BlackElo "2669"]
[Annotator ""]
[PlyCount "74"]
[EventDate "2016.??.??"]
[EventType "team-tourn"]
[EventCountry "AZE"]
[SourceTitle "playchess.com"]
[Source "ChessBase"]
[WhiteTeam "Azerbaijan"]
[BlackTeam "India"]
[WhiteTeamCountry "AZE"]
[BlackTeamCountry "IND"]
[TimeControl "40/5400+30:1800+30"]

1. e4 {(00:00)} e5 {(00:00)} 2. Nf3 {(00:00)} Nc6 {
(00:00)} 3. g3 {(00:00)} Nf6 {(02:35)} 4. d3 {(00:
03)} Bc5 {(09:34)} 5. Bg2 {(00:21)} d6 {(00:07)} 6. O-O {
(00:17)} h6 {(01:10)} 7. Nc3 {(13:27)} a6 {(01:24)}
8. Be3 {(00:30)} O-O {(03:17)} 9. Bxc5 {(06:28)} dxc5 {
(00:02)} 10. Nd2 {(00:31)} b5 {(14:05)} 11. a4 {(
08:50)} Rb8 {(04:06)} 12. axb5 axb5 {(00:02)} 13. Nd5 {(
06:57)} Be6 {(03:20)} 14. Ne3 {(05:13)} Qd7 {(10:18)} 15.
Nf3 {(02:49)} Rfd8 {(03:29)} 16. b3 {(08:03)} Ra8 {
(03:42)} 17. Re1 {(04:30)} g6 {(04:03)} 18. Qc1 {(
14:27)} Kg7 {(01:32)} 19. Qb2 {(07:24)} Qd6 {(00:19)} 20.
Rxa8 {(00:28)} Rxa8 {(00:02)} 21. Ra1 {(00:09)} Rxa1+ {
(08:11)} 22. Qxa1 {(00:02)} Nd4 {(02:32)} 23. Qa5 {
(01:09)} Ng4 {(07:09)} 24. Nxd4 {(03:34)} Qxd4 {(
00:21)} 25. Nxg4 {(05:52)} Bxg4 {(00:02)} 26. Bf1 {(04:51]
} b4 {(02:54)} 27. Qa2 {(04:16)} Qc3 {(01:15)} 28. Qb1 {
(00:10)} Qd2 {(01:28)} 29. Qa1 {(01:33)} Qxc2 {(03:
43)} 30. Qxe5+ {(00:02)} Kh7 {(00:02)} 31. Qxc7 {(00:38)}
Qxb3 {(01:14)} 32. Qxc5 {(00:36)} Qd1 {(02:05)} 33. Qc7 {
(02:40)} Be6 {(00:18)} 34. f4 {(00:35)} b3 {(01:56]
} 35. f5 {(00:01)} gxf5 {(00:02)} 36. exf5 {(00:33)} Bd5 {
(00:10)} 37. Qb6 {(00:57)} Qf3 {(00:40)} 0-1

[Event "42nd Olympiad Baku 2016 Open"]
[Site "Baku"]
[Date "2016.09.06"]
[Round "5.10"]
[White "Nakamura, Hikaru"]
[Black "Markus, Robert"]
[Result "1-0"]
[ECO "B42"]
[WhiteElo "2789"]
[BlackElo "2662"]
[Annotator ""]
[PlyCount "43"]
[EventDate "2016.??.??"]
[EventType "team-tourn"]
[EventCountry "AZE"]
[SourceTitle "playchess.com"]
[Source "ChessBase"]
[WhiteTeam "United States"]
[BlackTeam "Serbia"]
[WhiteTeamCountry "USA"]
[BlackTeamCountry "SRB"]
[TimeControl "40/5400+30:1800+30"]

1. e4 {(00:00)} c5 {(00:00)} 2. Nf3 {(00:00)} e6 {(
00:00)} 3. d4 {(00:00)} cxd4 {(00:00)} 4. Nxd4 {(00:00)}
a6 {(00:00)} 5. Bd3 {(00:00)} Bc5 {(01:20)} 6. Nb3 {
(00:04)} Be7 {(01:46)} 7. O-O {(00:34)} d6 {(00:33]
} 8. Qg4 {(00:05)} g6 {(00:05)} 9. Qe2 {(00:09)} Nd7 {
(02:38)} 10. Nc3 {(01:55)} Qc7 {(01:27)} 11. Be3 {(
00:03)} b6 {(09:06)} 12. a4 {(00:11)} h5 {(02:52)} 13. f4
{(00:06)} Ngf6 {(01:37)} 14. Bd4 {(01:04)} O-O {(
08:01)} 15. f5 {(19:55)} Ne5 {(08:36)} 16. fxg6 {(00:22)}
fxg6 {(00:12)} 17. h3 {(00:02)} Nfd7 {(07:48)} 18. Rxf8+ {
(18:16)} Bxf8 {(00:25)} 19. Qe3 {(00:35)} Bb7 {(11:
03)} 20. Ne2 {(01:04)} Re8 {(07:11)} 21. Nf4 {(04:59)} Qd8
{(04:00)} 22. Nxg6 {(02:05)} 1-0

[Event "42nd Olympiad Baku 2016 Open"]
[Site "Baku"]
[Date "2016.09.06"]
[Round "5.3"]
[White "Neiksans, Arturs"]
[Black "Almasi, Zoltan"]
[Result "1/2-1/2"]
[ECO "A29"]
[WhiteElo "2628"]
[BlackElo "2684"]
[Annotator ""]
[PlyCount "98"]
[EventDate "2016.??.??"]
[EventType "team-tourn"]
[EventCountry "AZE"]
[SourceTitle "playchess.com"]
[Source "ChessBase"]
[WhiteTeam "Latvia"]
[BlackTeam "Hungary"]
[WhiteTeamCountry "LAT"]
[BlackTeamCountry "HUN"]
[TimeControl "40/5400+30:1800+30"]

1. c4 {(00:00)} Nf6 {(00:26)} 2. Nc3 {(00:00)} e5 {
(11:42)} 3. Nf3 {(00:10)} Nc6 {(00:07)} 4. g3 {(00:
12)} d5 {(00:22)} 5. cxd5 {(00:15)} Nxd5 {(00:04)} 6. Bg2
{(00:16)} Nb6 {(00:09)} 7. O-O {(00:18)} Be7 {(00:
25)} 8. d3 {(01:38)} O-O {(00:17)} 9. a3 {(01:14)} Re8 {
(01:43)} 10. b4 {(02:26)} a5 {(04:53)} 11. b5 {(09:
28)} Nd4 {(02:35)} 12. Nd2 {(06:40)} a4 {(14:31)} 13. e3 {
(04:02)} Ne6 {(00:41)} 14. Nf3 {(06:15)} Bd6 {(05:
57)} 15. Ne4 {(10:23)} f5 {(02:23)} 16. Nxd6 {(03:10)}
cxd6 {(00:03)} 17. Rb1 {(01:03)} Bd7 {(06:20)} 18. e4 {
(13:10)} Nc5 {(04:46)} 19. Be3 {(00:18)} h6 {(07:
39)} 20. Nxe5 {(03:20)} Be6 {(05:14)} 21. Bxc5 {(21:33)}
dxc5 {(00:11)} 22. f4 {(00:06)} Qd4+ {(05:43)} 23. Kh1 {
(00:05)} Nd7 {(00:22)} 24. Nf3 {(01:33)} Qc3 {(00:
33)} 25. Qc1 {(00:50)} Qxc1 {(00:51)} 26. Rfxc1 {(00:37)}
Rad8 {(03:14)} 27. Rc3 {(02:13)} b6 {(10:11)} 28. e5 {
(01:50)} Nf8 {(01:19)} 29. Nd2 {(00:06)} Rd4 {(00:
58)} 30. Nc4 {(00:38)} Bxc4 {(00:41)} 31. dxc4 {(00:33)}
g5 {(02:08)} 32. Bd5+ {(02:47)} Kg7 {(00:03)} 33. Rf1 {
(00:13)} Ng6 {(01:26)} 34. Rcf3 {(05:24)} g4 {(03:
28)} 35. Rc3 {(00:10)} Ne7 {(00:03)} 36. Be6 {(02:15)}
Red8 {(00:01)} 37. Kg2 {(00:40)} h5 {(01:15)} 38. Rf2 {
(00:15)} Rd1 {(03:28)} 39. Rf1 {(02:02)} R1d2+ {(
01:46)} 40. Rf2 {(00:00)} Rd1 {(00:00)} 41. Rf1 {(12:29)}
R1d4 {(04:15)} 42. Rf2 {(03:20)} Kf8 {(01:24)} 43. h3 {
(01:02)} Kg7 {(04:08)} 44. h4 {(05:56)} Kf8 {(01:
06)} 45. Re3 {(01:17)} Ke8 {(01:15)} 46. Rf1 {(00:21)}
Rd2+ {(04:14)} 47. Rf2 {(00:05)} Rd1 {(00:23)} 48. Rf1 {
(00:09)} R1d2+ {(06:06)} 49. Rf2 {(00:05)} Rd1 {(
00:54)} 1/2-1/2

[Event "42nd Olympiad Baku 2016 Open"]
[Site "Baku"]
[Date "2016.09.06"]
[Round "5.31"]
[White "Nepomniachtchi, Ian"]
[Black "Fawzy, Adham"]
[Result "1-0"]
[ECO "B32"]
[WhiteElo "2740"]
[BlackElo "2451"]
[Annotator ""]
[PlyCount "87"]
[EventDate "2016.??.??"]
[EventType "team-tourn"]
[EventCountry "AZE"]
[SourceTitle "playchess.com"]
[Source "ChessBase"]
[WhiteTeam "Russia"]
[BlackTeam "Egypt"]
[WhiteTeamCountry "RUS"]
[BlackTeamCountry "EGY"]
[TimeControl "40/5400+30:1800+30"]

1. e4 {(00:00)} c5 {(00:00)} 2. Nf3 {(00:00)} Nc6 {
(00:00)} 3. d4 {(00:00)} cxd4 {(00:00)} 4. Nxd4 {(
00:00)} e5 {(00:00)} 5. Nb5 {(00:00)} d6 {(00:00)} 6. g3 {
(00:00)} Be7 {(01:45)} 7. Bg2 {(04:48)} Nf6 {(06:
15)} 8. O-O {(01:44)} Be6 {(02:28)} 9. N5c3 {(00:54)} O-O
{(05:18)} 10. Nd5 {(00:54)} Rc8 {(03:42)} 11. b3 {(
14:17)} Qd7 {(04:26)} 12. Nxe7+ {(00:31)} Qxe7 {(01:07)}
13. Bb2 {(08:09)} b5 {(03:50)} 14. Nc3 {(03:11)} Nd4 {
(14:04)} 15. Rc1 {(00:18)} b4 {(00:32)} 16. Ne2 {(
00:15)} Nb5 {(00:02)} 17. Qd2 {(01:51)} d5 {(12:32)} 18.
exd5 {(03:04)} Nxd5 {(00:24)} 19. Bxe5 {(03:16)} Rfd8 {
(01:11)} 20. Nf4 {(01:16)} Ndc3 {(01:26)} 21. Qe1 {
(04:35)} Re8 {(09:22)} 22. Nxe6 {(01:36)} Qxe6 {(
00:33)} 23. Bxc3 {(00:03)} Nxc3 {(00:10)} 24. Qxe6 {(00:
06)} fxe6 {(02:32)} 25. Rce1 {(02:02)} Nxa2 {(09:10)} 26.
Be4 {(01:07)} Nc3 {(00:41)} 27. Bd3 {(00:06)} e5 {(
00:20)} 28. Ra1 {(00:26)} Re7 {(00:38)} 29. Ra6 {(01:49)}
Rcc7 {(00:51)} 30. f3 {(00:42)} g6 {(02:05)} 31. Re1 {
(02:01)} Kf7 {(05:11)} 32. Kg2 {(00:15)} Kg7 {(03:
06)} 33. h4 {(00:07)} Rc5 {(03:36)} 34. Kh3 {(07:30)} Kh6
{(02:09)} 35. Kh2 {(01:47)} Kg7 {(03:10)} 36. Kg2 {
(00:04)} Kh6 {(03:53)} 37. Rea1 {(11:20)} Rcc7 {(
00:22)} 38. Rh1 {(00:25)} e4 {(01:23)} 39. fxe4 {(00:11)}
Nxe4 {(00:23)} 40. h5 {(00:00)} Nc5 {(00:00)} 41. hxg6+ {
(00:16)} Kg5 {(00:46)} 42. gxh7 {(00:31)} Nxd3 {(
05:43)} 43. Ra5+ {(00:07)} Kg6 {(00:19)} 44. Rh6+ {(00:04]
} 1-0

[Event "42nd Olympiad Baku 2016 Open"]
[Site "Baku"]
[Date "2016.09.06"]
[Round "5.15"]
[White "Nguyen, Anh Khoi"]
[Black "Jones, Gawain C B"]
[Result "0-1"]
[ECO "E70"]
[WhiteElo "2448"]
[BlackElo "2635"]
[Annotator ""]
[PlyCount "64"]
[EventDate "2016.??.??"]
[EventType "team-tourn"]
[EventCountry "AZE"]
[SourceTitle "playchess.com"]
[Source "ChessBase"]
[WhiteTeam "Vietnam"]
[BlackTeam "England"]
[WhiteTeamCountry "VIE"]
[BlackTeamCountry "ENG"]
[TimeControl "40/5400+30:1800+30"]

1. d4 {(00:00)} Nf6 {(00:00)} 2. c4 {(00:00)} g6 {(
00:00)} 3. Nc3 {(00:00)} Bg7 {(00:00)} 4. e4 {(00:00)} O-O
{(00:26)} 5. Nf3 {(00:00)} d6 {(00:15)} 6. h3 {(00:
17)} e5 {(01:27)} 7. d5 {(00:06)} Na6 {(04:27)} 8. Be3 {
(00:39)} Nc5 {(02:34)} 9. Nd2 {(00:36)} Nh5 {(04:
12)} 10. b4 {(11:23)} Na6 {(08:46)} 11. a3 {(00:35)} Qe8 {
(00:54)} 12. c5 {(03:16)} f5 {(00:57)} 13. cxd6 {(
21:36)} cxd6 {(01:42)} 14. Nb5 {(03:59)} f4 {(09:07)} 15.
Nxd6 {(10:44)} fxe3 {(04:36)} 16. Nxe8 {(00:04)} exf2+ {
(00:51)} 17. Ke2 {(00:03)} Ng3+ {(01:31)} 18. Kd3 {
(01:31)} Rxe8 {(00:21)} 19. Kc2 {(06:02)} Bd7 {(01:
25)} 20. Bc4 {(01:56)} Ba4+ {(12:28)} 21. Bb3 {(01:13)}
Bb5 {(00:14)} 22. Kb2 {(12:15)} Be2 {(04:16)} 23. Qb1 {
(03:59)} Bh6 {(02:37)} 24. Nf3 {(08:15)} Kh8 {(05:
19)} 25. Ka2 {(03:28)} Rac8 {(05:20)} 26. Qb2 {(01:17)}
Nxe4 {(01:23)} 27. Raf1 {(02:17)} Bxf1 {(00:54)} 28. Rxf1
{(00:03)} Nc3+ {(01:54)} 29. Ka1 {(00:03)} e4 {(00:
15)} 30. Qxf2 {(03:57)} exf3 {(02:33)} 31. Qxf3 {(00:15)}
Bg7 {(00:45)} 32. d6 {(00:50)} Re2 {(01:14)} 0-1

[Event "42nd Olympiad Baku 2016 Open"]
[Site "Baku"]
[Date "2016.09.06"]
[Round "5.22"]
[White "Nikolov, Momchil"]
[Black "Rios, Cristhian Camilo"]
[Result "1-0"]
[ECO "E11"]
[WhiteElo "2585"]
[BlackElo "2489"]
[Annotator ""]
[PlyCount "101"]
[EventDate "2016.??.??"]
[EventType "team-tourn"]
[EventCountry "AZE"]
[SourceTitle "playchess.com"]
[Source "ChessBase"]
[WhiteTeam "Bulgaria"]
[BlackTeam "Colombia"]
[WhiteTeamCountry "BUL"]
[BlackTeamCountry "COL"]
[TimeControl "40/5400+30:1800+30"]

1. d4 {(00:00)} Nf6 {(00:00)} 2. c4 {(00:00)} e6 {(
00:02)} 3. Nf3 {(00:00)} Bb4+ {(01:11)} 4. Nbd2 {(00:09)}
O-O {(01:17)} 5. a3 {(00:13)} Be7 {(01:16)} 6. e4 {
(00:14)} d6 {(00:49)} 7. Be2 {(01:58)} c5 {(02:21)}
8. d5 {(00:35)} e5 {(03:19)} 9. Qc2 {(01:09)} a5 {(
08:20)} 10. Nb1 {(02:50)} Ne8 {(01:46)} 11. Nc3 {(03:44)}
Nd7 {(01:57)} 12. h3 {(04:08)} Nc7 {(05:53)} 13. Be3 {
(02:22)} Rb8 {(03:37)} 14. g4 {(03:28)} Nf6 {(02:
39)} 15. Qd2 {(14:41)} Bd7 {(01:11)} 16. a4 {(01:18)} Na6
{(01:34)} 17. Nh2 {(02:19)} Ne8 {(07:24)} 18. h4 {(
13:44)} g6 {(07:26)} 19. Nf1 {(04:40)} Ng7 {(02:34)} 20.
h5 {(02:54)} f5 {(10:27)} 21. exf5 {(01:58)} gxf5 {
(00:20)} 22. h6 {(00:21)} Ne8 {(04:22)} 23. gxf5 {(
02:39)} Bxf5 {(00:41)} 24. Ng3 {(01:07)} Bg6 {(00:44)} 25.
Bh5 {(02:51)} Nf6 {(00:51)} 26. Bxg6 {(00:57)} hxg6 {
(00:09)} 27. O-O-O {(03:27)} Kh7 {(04:57)} 28. Rdg1 {
(02:59)} Qd7 {(01:50)} 29. Rg2 {(05:09)} Nb4 {(11:
29)} 30. Rhg1 {(01:14)} Rg8 {(00:17)} 31. Kb1 {(02:27)}
Rbf8 {(00:22)} 32. Qe2 {(07:46)} Qh3 {(02:37)} 33. Bg5 {
(04:06)} Nfxd5 {(02:22)} 34. Bxe7 {(05:42)} Nxe7 {(
00:09)} 35. Nge4 {(00:32)} Qd7 {(01:39)} 36. Rd1 {(02:21)}
Qf5 {(03:37)} 37. Rxd6 {(00:48)} Nc8 {(02:23)} 38. Rd1 {
(00:47)} Rd8 {(00:50)} 39. Rg5 {(00:39)} Qf4 {(01:
01)} 40. Rdg1 {(00:00)} Rde8 {(00:00)} 41. R5g3 {(06:36)}
Ref8 {(04:54)} 42. Rf3 {(01:02)} Qh2 {(00:24)} 43. Rd1 {
(10:08)} Qh4 {(01:35)} 44. Rg3 {(04:18)} Rf5 {(00:
53)} 45. Nd5 {(02:37)} Nxd5 {(01:15)} 46. Rxd5 {(00:58)}
Nb6 {(05:23)} 47. Rxc5 {(00:47)} Rd8 {(01:06)} 48. Rc7+ {
(01:05)} Kh8 {(00:21)} 49. Rxg6 {(01:25)} Qh1+ {(
04:48)} 50. Ka2 {(00:26)} Rd1 {(03:09)} 51. Rg8+ {(00:27)}
1-0

[Event "42nd Olympiad Baku 2016 Open"]
[Site "Baku"]
[Date "2016.09.06"]
[Round "5.24"]
[White "Nikolovski, Nikola"]
[Black "Cruz, Cristhian"]
[Result "0-1"]
[ECO "A02"]
[WhiteElo "2265"]
[BlackElo "2519"]
[Annotator ""]
[PlyCount "72"]
[EventDate "2016.??.??"]
[EventType "team-tourn"]
[EventCountry "AZE"]
[SourceTitle "playchess.com"]
[Source "ChessBase"]
[WhiteTeam "Macedonia"]
[BlackTeam "Peru"]
[WhiteTeamCountry "MKD"]
[BlackTeamCountry "PER"]
[TimeControl "40/5400+30:1800+30"]

1. f4 g6 {(00:20)} 2. Nf3 {(00:00)} Bg7 {(00:06)} 3. d3 {
(00:06)} d5 {(01:31)} 4. e3 {(00:17)} Bg4 {(02:27)}
5. Be2 {(03:00)} Nd7 {(03:11)} 6. O-O {(01:32)} Nh6 {
(01:26)} 7. Qe1 {(19:29)} c6 {(05:05)} 8. Nc3 {(03:
56)} O-O {(12:49)} 9. e4 {(01:37)} dxe4 {(17:07)} 10. dxe4
{(00:16)} e5 {(04:11)} 11. Nxe5 {(17:55)} Nxe5 {(
03:32)} 12. fxe5 {(04:32)} Bxe2 {(03:25)} 13. Qxe2 {(00:
08)} Qd4+ {(08:15)} 14. Kh1 {(00:08)} Qxe5 {(01:09)} 15.
Bf4 {(01:34)} Qe6 {(05:44)} 16. Rad1 {(04:33)} Rfd8 {
(02:08)} 17. h3 {(04:41)} Bxc3 {(09:44)} 18. bxc3 {
(00:55)} Nf5 {(00:09)} 19. Qf3 {(01:25)} Ng7 {(00:
34)} 20. Rxd8+ {(24:27)} Rxd8 {(00:05)} 21. Bg5 {(00:25)}
Rd6 {(05:32)} 22. Bf6 {(02:49)} Ne8 {(04:30)} 23. e5 {
(01:26)} Rd7 {(01:18)} 24. Qf4 {(01:58)} Qxa2 {(01:
27)} 25. Qh6 {(02:25)} Qa3 {(00:39)} 26. Rf4 {(02:22)}
Rd1+ {(02:47)} 27. Kh2 {(00:03)} Qc1 {(00:13)} 28. Kg3 {
(01:23)} Rf1 {(01:47)} 29. Bg5 {(00:25)} Qe1+ {(00:
18)} 30. Kg4 {(00:04)} Qe2+ {(00:58)} 31. Kh4 {(01:04)}
Ng7 {(00:49)} 32. Be7 {(00:32)} Rxf4+ {(00:20)} 33. Qxf4 {
(00:07)} Nf5+ {(00:13)} 34. Kg5 {(00:36)} Nxe7 {(
00:34)} 35. Qd4 {(00:37)} h6+ {(00:24)} 36. Kf6 {(00:22)}
Nd5+ {(00:08)} 0-1